| TOP OF THE 1ST |
|
Aberdeen Pheasants batting - Pitching for Watertown Bucks : LHP William Demo
|
|
Pitching: LHP William Demo
|
|
|
Batting: RHB Greg Howe
|
0-0: Fly out, F7 (Line Drive, 7, EV 86.3 MPH)
|
|
Batting: RHB Alejandro Luna
|
0-0: Ball 1-0: Called Strike 1-1: Ball 2-1: Ball 3-1: Ground out 1-3 (Groundball, 15, EV 66.3 MPH)
|
|
Batting: LHB Sergio Leija
|
0-0: Ball 1-0: Ground out 5-3 (Groundball, 25, EV 81.3 MPH)
|
| Top of the 1st over - 0 runs, 0 hits, 0 errors, 0 left on base; Aberdeen 0 - Watertown 0 |
| BOTTOM OF THE 1ST |
|
Watertown Bucks batting - Pitching for Aberdeen Pheasants : RHP Josh Seymour
|
|
Pitching: RHP Josh Seymour
|
|
|
Batting: SHB Luis Rivera
|
0-0: Foul Ball, location: 2F 0-1: Ground out 6-3 (Groundball, 6, EV 93.8 MPH)
|
|
Batting: RHB Robert Tanzi
|
0-0: Ground out 4-3 (Groundball, 4, EV 101.9 MPH)
|
|
Batting: LHB Bryan Neal
|
0-0: Called Strike 0-1: Ball 1-1: Foul Ball, location: 2F 1-2: Ground out U3 (Groundball, 3, EV 106.9 MPH)
|
| Bottom of the 1st over - 0 runs, 0 hits, 0 errors, 0 left on base; Aberdeen 0 - Watertown 0 |
| TOP OF THE 2ND |
|
Aberdeen Pheasants batting - Pitching for Watertown Bucks : LHP William Demo
|
|
Batting: LHB Robert McNair
|
0-0: Ground out U3 (Groundball, 34S, EV 90.0 MPH)
|
|
Batting: SHB Stephen Moore
|
0-0: Called Strike 0-1: Ball 1-1: Called Strike 1-2: Ball 2-2: SINGLE (Groundball, 5S, EV 74.4 MPH) (infield hit)
|
|
Batting: RHB Pedro Chavez
|
0-0: Ball 1-0: Called Strike Pickoff Throw by Catcher to First - Error! E2 Stephen Moore to second 1-1: Ball 2-1: Ball 3-1: Base on Balls
|
|
Batting: RHB Mike R Fitzgerald
|
0-0: Ball 1-0: Fielders Choice at 2nd, 3-6 (Groundball, 34, EV 88.8 MPH) Stephen Moore to third
|
|
Batting: RHB Armando Ramirez
|
0-0: Called Strike 0-1: Foul Ball, location: 2F 0-2: Ball 1-2: Strikes out looking
|
| Top of the 2nd over - 0 runs, 1 hit, 1 error, 2 left on base; Aberdeen 0 - Watertown 0 |
| BOTTOM OF THE 2ND |
|
Watertown Bucks batting - Pitching for Aberdeen Pheasants : RHP Josh Seymour
|
|
Batting: RHB Richard Plautz
|
0-0: Ball 1-0: Called Strike 1-1: Called Strike 1-2: Foul Ball, location: 2F 1-2: Ball 2-2: Foul Ball, location: 2F 2-2: Ball 3-2: Fly out, F9 (Flyball, 9LS, EV 78.8 MPH)
|
|
Batting: LHB Greg Guin
|
0-0: Called Strike 0-1: Foul Ball, location: 2F 0-2: Ground out 6-3 (Groundball, 56, EV 81.3 MPH)
|
|
Batting: RHB Eugene Cattane
|
0-0: Ball 1-0: Called Strike 1-1: Called Strike 1-2: Strikes out looking
|
| Bottom of the 2nd over - 0 runs, 0 hits, 0 errors, 0 left on base; Aberdeen 0 - Watertown 0 |
| TOP OF THE 3RD |
|
Aberdeen Pheasants batting - Pitching for Watertown Bucks : LHP William Demo
|
|
Batting: RHB Diego Martinez
|
0-0: Foul Ball, location: 2F 0-1: Ball 1-1: Foul Ball, location: 2F 1-2: Ground out 2-3 (Groundball, 13S, EV 73.8 MPH)
|
|
Batting: RHB Greg Howe
|
0-0: Ball 1-0: Swinging Strike 1-1: Foul Ball, location: 2F 1-2: Ground out 6-3 (Groundball, 6MS, EV 69.4 MPH)
|
|
Batting: RHB Alejandro Luna
|
0-0: Ball 1-0: Ball 2-0: Foul Ball, location: 2F 2-1: SINGLE (Flyball, 4MD, EV 87.5 MPH) - OUT at second base trying to stretch hit.
|
| Top of the 3rd over - 0 runs, 1 hit, 0 errors, 0 left on base; Aberdeen 0 - Watertown 0 |
| BOTTOM OF THE 3RD |
|
Watertown Bucks batting - Pitching for Aberdeen Pheasants : RHP Josh Seymour
|
|
Batting: LHB Manuel Vigil
|
0-0: Ball 1-0: Foul Ball, location: 2F 1-1: Foul Ball, location: 2F 1-2: Hit by Pitch
|
|
Batting: RHB Sebastiano Borriello
|
0-0: Called Strike 0-1: Ball 1-1: Swinging Strike 1-2: Foul Ball, location: 2F 1-2: Ball 2-2: DOUBLE (Line Drive, 9LS, EV 109.4 MPH) Manuel Vigil to third
|
|
Batting: SHB Bruce Hines
|
0-0: Foul Ball, location: 2F 0-1: Ball 1-1: Ground out 4-3 (Groundball, 4, EV 98.8 MPH) Manuel Vigil scores Sebastiano Borriello to third
|
|
Batting: SHB Luis Rivera
|
0-0: Ball 1-0: Fly out, F9 (Flyball, 9LS, EV 89.4 MPH)
|
|
Batting: RHB Robert Tanzi
|
0-0: Ball 1-0: Called Strike 1-1: Called Strike 1-2: Ball 2-2: Ball 3-2: Fly out, F9 (Flyball, 89S, EV 78.1 MPH)
|
| Bottom of the 3rd over - 1 run, 1 hit, 0 errors, 1 left on base; Aberdeen 0 - Watertown 1 |
| TOP OF THE 4TH |
|
Aberdeen Pheasants batting - Pitching for Watertown Bucks : LHP William Demo
|
|
Batting: LHB Sergio Leija
|
0-0: Foul Ball, location: 2F 0-1: Fly out, F9 (Line Drive, 9, EV 104.4 MPH)
|
|
Batting: LHB Robert McNair
|
0-0: Ball 1-0: Called Strike 1-1: SINGLE (Line Drive, 8LS, EV 91.9 MPH)
|
|
Batting: SHB Stephen Moore
|
0-0: Ball 1-0: Called Strike 1-1: Ball 2-1: Called Strike 2-2: Fielders Choice at 2nd, 4-6 (Groundball, 4, EV 82.5 MPH)
|
|
Batting: RHB Pedro Chavez
|
0-0: Ball Stephen Moore is caught stealing 2nd base 2-4
|
| Top of the 4th over - 0 runs, 1 hit, 0 errors, 0 left on base; Aberdeen 0 - Watertown 1 |
| BOTTOM OF THE 4TH |
|
Watertown Bucks batting - Pitching for Aberdeen Pheasants : RHP Josh Seymour
|
|
Batting: LHB Bryan Neal
|
0-0: Called Strike 0-1: Ball 1-1: Foul Ball, location: 2F 1-2: Ball 2-2: Strikes out swinging
|
|
Batting: RHB Richard Plautz
|
0-0: Ball 1-0: Ball 2-0: Fly out, F9 (Flyball, 9LS, EV 75.6 MPH)
|
|
Batting: LHB Greg Guin
|
0-0: Ball 1-0: Foul Ball, location: 2F 1-1: Ball 2-1: Ball 3-1: Foul Ball, location: 2F 3-2: DOUBLE (Line Drive, 78D, EV 106.3 MPH)
|
|
Batting: RHB Eugene Cattane
|
0-0: Foul Ball, location: 2F 0-1: Ball 1-1: Ground out 6-3 (Groundball, 6, EV 78.8 MPH)
|
| Bottom of the 4th over - 0 runs, 1 hit, 0 errors, 1 left on base; Aberdeen 0 - Watertown 1 |
| TOP OF THE 5TH |
|
Aberdeen Pheasants batting - Pitching for Watertown Bucks : LHP William Demo
|
|
Batting: RHB Pedro Chavez
|
0-0: Called Strike 0-1: Ball 1-1: Foul Ball, location: 2F 1-2: Ground out U3 (Groundball, 13, EV 85.6 MPH)
|
|
Batting: RHB Mike R Fitzgerald
|
0-0: Called Strike 0-1: Ball 1-1: Swinging Strike 1-2: Ball 2-2: Strikes out looking
|
|
Batting: RHB Armando Ramirez
|
0-0: Ground out 6-3 (Groundball, 6, EV 98.8 MPH)
|
| Top of the 5th over - 0 runs, 0 hits, 0 errors, 0 left on base; Aberdeen 0 - Watertown 1 |
| BOTTOM OF THE 5TH |
|
Watertown Bucks batting - Pitching for Aberdeen Pheasants : RHP Josh Seymour
|
|
Batting: LHB Manuel Vigil
|
0-0: Called Strike 0-1: Ball 1-1: Ball 2-1: Ball 3-1: Foul Ball, location: 2F 3-2: Base on Balls
|
|
Batting: RHB Sebastiano Borriello
|
0-0: Sac Bunt to 13 - play at first, batter OUT! 1-3 Manuel Vigil to second
|
|
Batting: SHB Bruce Hines
|
0-0: Fly out, F4 (Flyball, 34D, EV 93.8 MPH)
|
|
Batting: SHB Luis Rivera
|
0-0: Ball 1-0: Fly out, F7 (Flyball, 78S, EV 92.5 MPH)
|
| Bottom of the 5th over - 0 runs, 0 hits, 0 errors, 1 left on base; Aberdeen 0 - Watertown 1 |
| TOP OF THE 6TH |
|
Aberdeen Pheasants batting - Pitching for Watertown Bucks : LHP William Demo
|
|
Batting: RHB Diego Martinez
|
0-0: Called Strike 0-1: Ball 1-1: Ground out U3 (Groundball, 34S, EV 78.1 MPH)
|
|
Batting: RHB Greg Howe
|
0-0: Ball 1-0: Fly out, F7 (Flyball, 7LM, EV 86.3 MPH)
|
|
Batting: RHB Alejandro Luna
|
0-0: Ball 1-0: Ball 2-0: Ball 3-0: Called Strike 3-1: Base on Balls
|
|
Batting: LHB Sergio Leija
|
0-0: Ball Alejandro Luna steals 2nd base (no throw) 1-0: Ball 2-0: Foul Ball, location: 2F 2-1: Ball 3-1: Called Strike 3-2: Fly out, F4 (Flyball, 34D, EV 86.3 MPH)
|
| Top of the 6th over - 0 runs, 0 hits, 0 errors, 1 left on base; Aberdeen 0 - Watertown 1 |
| BOTTOM OF THE 6TH |
|
Watertown Bucks batting - Pitching for Aberdeen Pheasants : RHP Josh Seymour
|
|
Batting: RHB Robert Tanzi
|
0-0: SINGLE (Groundball, 6D, EV 105.0 MPH)
|
|
Batting: LHB Bryan Neal
|
0-0: Ball 1-0: Swinging Strike 1-1: Ball 2-1: Grounds into double play, 4-6-3 (Groundball, 4, EV 104.4 MPH)
|
|
Batting: RHB Richard Plautz
|
0-0: Called Strike 0-1: Ball 1-1: Foul Ball, location: 2F 1-2: Foul Ball, location: 2F 1-2: Ball 2-2: Ball 3-2: Fly out, F3 (Line Drive, 3, EV 72.5 MPH)
|
| Bottom of the 6th over - 0 runs, 1 hit, 0 errors, 0 left on base; Aberdeen 0 - Watertown 1 |
| TOP OF THE 7TH |
|
Aberdeen Pheasants batting - Pitching for Watertown Bucks : LHP William Demo
|
|
Batting: LHB Robert McNair
|
0-0: Ball 1-0: Ball 2-0: Called Strike 2-1: Ball 3-1: SINGLE (Line Drive, 78S, EV 95.0 MPH)
|
|
Batting: RHB Thomas Masterson
|
0-0: Ball 1-0: Foul Ball, location: 2F 1-1: Reached on error, E5 (Groundball, 5, EV 100.6 MPH) Robert McNair to second
|
|
Batting: RHB Pedro Chavez
|
0-0: Sac Bunt to 5S - play at first, batter OUT! 5-4 Robert McNair to third Thomas Masterson to second
|
|
Batting: RHB Mike R Fitzgerald
|
0-0: Called Strike 0-1: Ball 1-1: Ball 2-1: Foul Ball, location: 2F 2-2: Fly out, F9 (Flyball, 89M, EV 90.0 MPH) Runner from 3rd tags up, SCORES, throw by RF Thomas Masterson to third
|
|
Batting: RHB Armando Ramirez
|
0-0: Foul Ball, location: 2F 0-1: Swinging Strike 0-2: Strikes out swinging
|
| Top of the 7th over - 1 run, 1 hit, 1 error, 1 left on base; Aberdeen 1 - Watertown 1 |
| BOTTOM OF THE 7TH |
|
Watertown Bucks batting - Pitching for Aberdeen Pheasants : RHP Josh Seymour
|
|
Batting: LHB Greg Guin
|
0-0: Ball 1-0: Foul Ball, location: 2F 1-1: Fly out, F8 (Flyball, 78M, EV 88.8 MPH)
|
|
Batting: RHB Eugene Cattane
|
0-0: Foul Ball, location: 2F 0-1: Ball 1-1: Ground out 5-3 (Groundball, 56, EV 91.3 MPH)
|
|
Batting: LHB Manuel Vigil
|
0-0: SINGLE (Groundball, 4MD, EV 103.8 MPH)
|
|
Batting: RHB Sebastiano Borriello
|
0-0: Ball 1-0: Called Strike 1-1: Called Strike 1-2: Ball 2-2: Reached via error on a dropped throw from 1B, E1 (Groundball, 34S, EV 90.0 MPH) Manuel Vigil to second
|
|
Batting: SHB Bruce Hines
|
0-0: Ball 1-0: Ball 2-0: Ball 3-0: Base on Balls Manuel Vigil to third Sebastiano Borriello to second
|
|
Batting: SHB Luis Rivera
|
0-0: Ball 1-0: Fly out, F6 (Popup, 6MS, EV 65.0 MPH)
|
| Bottom of the 7th over - 0 runs, 1 hit, 1 error, 3 left on base; Aberdeen 1 - Watertown 1 |
| TOP OF THE 8TH |
|
Aberdeen Pheasants batting - Pitching for Watertown Bucks : LHP William Demo
|
|
Batting: RHB Diego Martinez
|
0-0: Ball 1-0: Foul Ball, location: 2F 1-1: Ground out 6-3 (Groundball, 6, EV 89.4 MPH)
|
|
Batting: RHB Greg Howe
|
0-0: Called Strike 0-1: Ball 1-1: Called Strike 1-2: Foul Ball, location: 2F 1-2: Ball 2-2: Ball 3-2: Base on Balls
|
|
Batting: RHB Alejandro Luna
|
0-0: Ball 1-0: SINGLE (Groundball, 56D, EV 98.8 MPH) Greg Howe to second
|
|
Batting: LHB Sergio Leija
|
0-0: Ball 1-0: Foul Ball, location: 2F 1-1: Ball 2-1: Foul Ball, location: 2F 2-2: TRIPLE (Flyball, 89XD, EV 104.4 MPH) Greg Howe scores Alejandro Luna scores
|
|
Batting: LHB Robert McNair
|
0-0: Ball 1-0: SINGLE (Groundball, 6MD, EV 94.4 MPH) Sergio Leija scores
|
|
Batting: RHB Thomas Masterson
|
0-0: Foul Ball, location: 2F 0-1: Foul Ball, location: 2F 0-2: Ball 1-2: Ball 2-2: Ball 3-2: Strikes out looking Robert McNair steals 2nd base Batter strikes out.
|
|
Batting: RHB Pedro Chavez
|
0-0: Ball 1-0: Swinging Strike 1-1: Called Strike 1-2: Ball 2-2: Foul Ball, location: 2F 2-2: Foul Ball, location: 2F 2-2: Ground out 6-3 (Groundball, 6, EV 103.1 MPH)
|
| Top of the 8th over - 3 runs, 3 hits, 0 errors, 1 left on base; Aberdeen 4 - Watertown 1 |
| BOTTOM OF THE 8TH |
|
Watertown Bucks batting - Pitching for Aberdeen Pheasants : RHP Josh Seymour
|
|
Now in LF: Rick Leach
|
|
|
Batting: RHB Robert Tanzi
|
0-0: Ball 1-0: Called Strike 1-1: Fly out, F8 (Line Drive, 8LD, EV 91.3 MPH)
|
|
Batting: LHB Bryan Neal
|
0-0: Ball 1-0: Ball 2-0: Foul Ball, location: 2F 2-1: Foul Ball, location: 2F 2-2: Foul Ball, location: 2F 2-2: Ball 3-2: Ground out U3 (Groundball, 3S, EV 93.1 MPH)
|
|
Batting: RHB Richard Plautz
|
0-0: Called Strike 0-1: Foul Ball, location: 2F 0-2: Ball 1-2: Strikes out swinging
|
| Bottom of the 8th over - 0 runs, 0 hits, 0 errors, 0 left on base; Aberdeen 4 - Watertown 1 |
| TOP OF THE 9TH |
|
Aberdeen Pheasants batting - Pitching for Watertown Bucks : LHP William Demo
|
|
Batting: RHB Mike R Fitzgerald
|
0-0: Foul Ball, location: 2F 0-1: Ball 1-1: Ball 2-1: Foul Ball, location: 2F 2-2: Ball 3-2: DOUBLE (Line Drive, 9LS, EV 108.1 MPH)
|
|
Batting: RHB Armando Ramirez
|
0-0: Ball 1-0: Ball 2-0: Called Strike 2-1: Called Strike 2-2: Foul Ball, location: 2F 2-2: Fly out, F8 (Flyball, 78S, EV 80.0 MPH)
|
|
Pitching: LHP Elmer Cavner
|
|
|
Batting: RHB Diego Martinez
|
0-0: Swinging Strike 0-1: Foul Ball, location: 2F 0-2: Ball 1-2: Foul Ball, location: 2F 1-2: Fly out, F1 (Line Drive, P, EV 61.9 MPH)
|
|
Batting: RHB Greg Howe
|
0-0: Intentional Walk
|
|
Batting: RHB Alejandro Luna
|
0-0: Called Strike 0-1: Fly out, F9 (Flyball, 9, EV 85.6 MPH)
|
| Top of the 9th over - 0 runs, 1 hit, 0 errors, 2 left on base; Aberdeen 4 - Watertown 1 |
| BOTTOM OF THE 9TH |
|
Watertown Bucks batting - Pitching for Aberdeen Pheasants : RHP Josh Seymour
|
|
Batting: LHB Greg Guin
|
0-0: Ground out 5-3 (Groundball, 5, EV 101.3 MPH)
|
|
Batting: RHB Eugene Cattane
|
0-0: Called Strike 0-1: Ball 1-1: Swinging Strike 1-2: Strikes out swinging
|
|
Batting: LHB Manuel Vigil
|
0-0: Ground out 1-3 (Groundball, 13S, EV 60.6 MPH)
|
| Bottom of the 9th over - 0 runs, 0 hits, 0 errors, 0 left on base; Aberdeen 4 - Watertown 1 |
|